 Dungeon Crawl Stone Soup version 0.28-a0-206-gc2c9e32840 (webtiles) character file.

Game seed: 15105513650358560473

35 theanonym the Chopper (level 3, -2/31 HPs)
             Began as a Minotaur Abyssal Knight on Aug 21, 2021.
             Was a Believer of Lugonu.
             Slain by Robin (8 damage)
             ... on level 2 of the Dungeon.
             The game lasted 00:01:28 (1432 turns).

theanonym the Chopper (Minotaur Abyssal Knight)     Turns: 1432, Time: 00:01:28

Health: -2/31      AC:  3    Str: 17    XL:     3   Next: 17%
Magic:  3/3        EV: 11    Int:  9    God:    Lugonu [**....]
Gold:   39         SH:  0    Dex:  9    Spells: 2/2 levels left

rFire   . . .      SeeInvis .   a - +1 hand axe
rCold   . . .      Faith    .   (no shield)
rNeg    . . .      Spirit   .   b - +0 leather armour
rPois   .          Reflect  .   (helmet restricted)
rElec   .          Harm     .   (no cloak)
rCorr   .          Rampage  .   (no gloves)
Will    .....                   (no boots)
Stlth   +.........              (no amulet)
HPRegen 0.10/turn               (no ring)
MPRegen 0.08/turn               (no ring)

@: no status effects
A: horns 2, retaliatory headbutt
a: Renounce Religion, Depart the Abyss, Bend Space


Innate Abilities, Weirdness & Mutations

You have a pair of horns on your head.
You reflexively headbutt those who attack you in melee.


   Skills:
 - Level 3.6 Fighting
 + Level 4.5 Axes
 - Level 2.4 Armour
 - Level 1.1 Dodging
 - Level 1.7 Invocations


You had 2 spell levels left.
You didn't know any spells.
Your spell library was empty.

Skill      XL: |  1  2 |
---------------+-------+-----
Axes           | 3 4 |  4.5
Fighting       | |  3.6
Armour         | |  2.4
Dodging        | |  1.1
Invocations    | |  1.7

Action                   || total
-------------------------++-------
Melee: Hand axe          ||    59
       Headbutt          ||     9
Armor: Leather armour    ||     6
Dodge: Dodged            ||    42

Inventory:

Hand Weapons
 a - a +1 hand axe (weapon)
Armour
 b - a +0 leather armour (worn)
Jewellery
 e - a ring of wizardry
Scrolls
 c - a scroll of enchant armour {unknown}
 f - 3 scrolls of identify {unknown}
Potions
 d - a potion of resistance {unknown}


You were on level 2 of the Dungeon.
You worshipped Lugonu.
Lugonu was pleased with you.
You visited 1 branch of the dungeon, and saw 2 of its levels.
You visited the Abyss 1 time.

You collected 39 gold pieces.

Dungeon Overview and Level Annotations

Branches:
Dungeon (2/15)

Altars:

Annotations:
D:2 Robin

##### ..... .# .....
... ###..... #..
........### #.##
######$...#.....##.
### #...
##<@g.))........<.gg
...##.#.##
##).########..###.Jrg
#..#.#..###..## ####g
#..........## .
##...#.#####
#......## ..
....##....##.# ##
##.#....###
#.........#


You could see Robin.

Notes
Turn   | Place    | Note
-------+----------+-------------------------------------------
     0 | Abyss:1  | theanonym the Minotaur Abyssal Knight began the quest for
                  | the Orb.
     0 | Abyss:1  | Reached XP level 1. HP: 19/19 MP: 1/1
    32 | D:1      | Escaped the Abyss
   382 | D:1      | Reached skill level 3 in Axes
   635 | D:2      | Noticed Robin
   637 | D:2      | Reached XP level 2. HP: 26/26 MP: 2/2
   641 | D:1      | HP: 12/26 [goblin[Robin] (2)]
   646 | D:1      | HP: 10/26 [goblin[Robin] (3)]
   888 | D:2      | HP: 11/26 [worm (8)]
   890 | D:2      | HP: 2/26 [worm (9)]
   892 | D:2      | Reached skill level 4 in Axes
  1005 | D:2      | HP: 8/26 [quokka (4)]
  1283 | D:2      | Reached XP level 3. HP: 20/31 MP: 3/3
  1294 | D:1      | Reached ** piety under Lugonu
  1429 | D:2      | HP: 14/31 [Robin (2)]
  1431 | D:2      | HP: 6/31 [Robin (6)]
  1432 | D:2      | Slain by Robin

Vanquished Creatures
  A worm (D:2)
  A ball python (D:2)
  A bat (D:2)
  3 endoplasms
  A giant cockroach (D:1)
  9 goblins
  4 hobgoblins (D:2)
  A quokka (D:2)
  A frilled lizard (D:1)
  3 kobolds
25 creatures vanquished.

Table legend: (Time is in decaauts)
 A = Elapsed time spent in this place.
 B = Non-inter-level travel time spent in this place.
 C = Inter-level travel time spent in this place.
 D = Time resting spent in this place.
 E = Time spent auto-exploring this place.
 F = Levels seen in this place.
 G = Mean time per level.
                   A        B        C        D        E       F      G
               +--------+--------+--------+--------+--------+-----+--------+
         Total |   1439 |   1347 |     92 |    665 |    547 |   3 |  479.7 |
       Dungeon |   1407 |   1315 |     92 |    665 |    521 |   2 |  703.5 |
         Abyss |     32 |     32 |      0 |      0 |     26 |   1 |   32.0 |
               +--------+--------+--------+--------+--------+-----+--------+

Top non-repeatable levels by time:
     D:1: 965 daAuts
     D:2: 442 daAuts
 Abyss:1: 32 daAuts
